AoeStats
← Towernello

Arena

510391530Analyzed
4v4 RM · 1d ago on Sep 30, 2026· 29m 20s· 8 players
Game mode
Random Map
Map size
Large (8 player)
Population
200
Speed
Normal
Resources
Standard
Victory
Conquest
Starting age
Dark Age
Ending age
Imperial Age
RankedLock teamsTeams togetherTeam positionsShared explorationLock speedFull tech treeHidden civsTurbo modeCheats
Victory
Defeat
🇮🇹 Burmese · Italy
1283
+13
🇮🇹 Malians · Italy
1187
+17
🇮🇹 Khmer · Italy
1159
+18
🇮🇹 Franks · Italy
1121
+19
🇺🇸 Saxons · United States
1243
-18
🇺🇸 Poles · United States
1205
-17
🇺🇸 Byzantines · United States
1190
-16
🇹🇷 Italians · Türkiye
1177
-16
LkASr
10:36 Feudal Age
14:19 Castle Age
12:50 Stone Mining
13:31 Double-Bit Axe
14:31 Loom
22:17 Bow Saw
OXYEHHO
10:38 Feudal Age
14:38 Castle Age
13:09 Double-Bit Axe
13:38 Horse Collar
15:11 Loom
15:40 Bow Saw
17:10 Wheelbarrow
23:46 Fletching
Ducks on Fire
10:54 Feudal Age
12:16 Loom
14:59 Castle Age
14:30 Double-Bit Axe
15:00 Horse Collar
21:37 Forging
24:34 Fletching
25:01 Crossbowman
27:39 Bodkin Arrow
29:13 Wheelbarrow
29:13 Gold Mining
Genghis Khan
10:45 Feudal Age
14:46 Castle Age
12:44 Double-Bit Axe
12:43 Horse Collar
25:01 Forging
26:32 Iron Casting
25:41 Pikeman
30:11 Imperial Age
28:17 Wheelbarrow
Mich
10:20 Feudal Age
14:40 Castle Age
13:59 Forging
14:10 Double-Bit Axe
15:30 Horse Collar
16:39 Scale Mail Armor
16:31 Arson
26:09 Iron Casting
28:30 Loom
29:46 Scale Barding Armor
Towernello
11:06 Feudal Age
12:28 Double-Bit Axe
16:53 Castle Age
15:43 Stone Mining
15:49 Gold Mining
18:47 Scale Barding Armor
21:32 Stone Mining
27:10 Bow Saw
28:13 Wheelbarrow
27:26 Loom
27:27 Town Watch
28:26 Gold Shaft Mining
29:46 Hand Cart
Tattico87
10:30 Feudal Age
10:57 Loom
14:36 Castle Age
14:48 Gold Mining
14:40 Horse Collar
16:10 Gold Shaft Mining
15:46 Heavy Plow
20:11 Sanctity
22:04 Bloodlines
23:20 Redemption
26:00 Wheelbarrow
25:40 Man-at-Arms
dannythechef
11:01 Feudal Age
11:56 Double-Bit Axe
11:54 Horse Collar
18:00 Castle Age
15:59 Gold Mining
18:01 Bloodlines
18:45 Forging
24:49 Wheelbarrow
25:15 Heavy Plow
25:28 Bow Saw
26:53 Gold Shaft Mining
26:08 Stone Mining
31:05 Imperial Age
Connection lost

Rejoining the realm…

Still unreachable

The connection could not be restored.

Session expired

The server has moved on; the page needs a fresh start.